 Dungeon Crawl Stone Soup version 0.29.0-15-g675c0067aa (webtiles) character file.

Game seed: 5988593515370102661

7244 RascalDebosk the Fighter (level 10, 0/93 HPs)
             Began as a Minotaur Berserker on Sept 11, 2022.
             Was a High Priest of Trog.
             Slain by a killer bee (3 damage)
             ... while petrified by a basilisk
             ... on level 8 of the Dungeon.
             The game lasted 00:57:46 (7530 turns).

RascalDebosk the Fighter (Minotaur Berserker)       Turns: 7530, Time: 00:57:46

Health: 0/93       AC: 12    Str: 29    XL:     10   Next: 88%
Magic:  9/9        EV:  2    Int:  6    God:    Trog [*****.]
Gold:   958        SH:  0    Dex: 11    Spells: 9/9 levels left

rFire   . . .      SeeInvis .   y - +9 battleaxe
rCold   . . .      Faith    .   (shield currently unavailable)
rNeg    + + +      Spirit   .   o - +2 troll leather armour {Pargi}
rPois   ∞          Reflect  .   f - +2 hat
rElec   .          Harm     .   (no cloak)
rCorr   .          Rampage  .   (no gloves)
Will    .....                   i - +2 pair of boots
Stlth   +.........              (no amulet)
HPRegen 1.05/turn               g - +6 ring of strength
MPRegen 0.11/turn               j - +4 ring of evasion

@: lethally poisoned (0 -> 0), petrified, studying 2 skills
A: horns 2, retaliatory headbutt
a: Renounce Religion, Berserk, Trog's Hand, Brothers in Arms


You were on level 8 of the Dungeon.
You worshipped Trog.
Trog was extremely pleased with you.
You visited 2 branches of the dungeon, and saw 9 of its levels.
You visited the Abyss 1 time.
You also visited: Bailey.

You collected 1150 gold pieces.
You spent 192 gold pieces at shops.

Inventory:

Hand Weapons
 y - a +9 battleaxe (weapon)
Missiles
 r - 19 poisoned darts (quivered)
 u - 2 boomerangs
 x - 3 throwing nets
 B - a curare-tipped dart
Armour
 f - a +2 hat (worn)
 h - a +0 chain mail of poison resistance
 i - a +2 pair of boots (worn)
 o - a +2 troll leather armour (worn) {Pargi}
 q - +0 acid dragon scales
Jewellery
 g - a +6 ring of strength (left hand)
 j - a +4 ring of evasion (right hand)
 C - a ring of positive energy
Wands
 s - a wand of flame (32)
 t - a wand of iceblast (23)
Scrolls
 b - a scroll of fear
 d - 4 scrolls of teleportation
 D - 2 scrolls of blinking
 E - a scroll of enchant weapon
 G - a scroll of silence
 J - a scroll of summoning
Potions
 c - 2 potions of heal wounds
 e - 4 potions of ambrosia
 k - 10 potions of curing
 l - 4 potions of resistance
 m - a potion of might
 n - a potion of magic
 p - 4 potions of flight
 v - 3 potions of mutation
 w - a potion of attraction {unknown}
 z - a potion of berserk rage
 A - 3 potions of cancellation
 H - 3 potions of haste {unknown}


   Skills:
 + Level 10.3 Fighting
 + Level 10.3 Axes
 + Level 6.5 Throwing
 - Level 6.3 Armour
 + Level 7.7 Dodging
 + Level 5.9 Evocations


You had 9 spell levels left.
You didn't know any spells.
Your spell library was empty.

Dungeon Overview and Level Annotations

Branches:
Dungeon (8/15)             Temple (1/1) D:7          Bailey (visited)
   Lair: D:8-11

Altars:
Ashenzari
Cheibriados
Dithmenos
Elyvilon
Fedhas
Gozag
Hepliaklqana
Kikubaaqudgha
Makhleb
Nemelex Xobeh
Okawaru
Qazlal
Ru
Sif Muna
Trog
Uskayaw
Vehumet
Wu Jian
Xom
Yredelemnul
Zin
The Shining One

Shops:
D:6 !


Innate Abilities, Weirdness & Mutations

You have a pair of horns on your head.
You reflexively headbutt those who attack you in melee.


Message History

The shadow imp hits you but does no damage.
The gnoll sergeant hits you but does no damage.
The sky beast flickers out of sight!
Deactivating autopickup; reactivate with Ctrl-A.
The killer bee stings you but does no damage. x2
The howler monkey hits you.
* * * LOW HITPOINT WARNING * * *
The meliai hits you but does no damage. The meliai stings you!
* * * LOW HITPOINT WARNING * * *
The meliai hits you but does no damage.
The meliai stings you but does no damage.
The killer bee stings you but does no damage.
The killer bee stings you.
* * * LOW HITPOINT WARNING * * *
The gnoll sergeant hits you from afar with a +0 spear.
* * * LOW HITPOINT WARNING * * *
The shadow imp hits you.
* * * LOW HITPOINT WARNING * * *
The gnoll sergeant hits you from afar with a +0 spear.
* * * LOW HITPOINT WARNING * * *
The howler monkey hits you.
* * * LOW HITPOINT WARNING * * *
The meliai hits you with a +0 hand axe.
* * * LOW HITPOINT WARNING * * *
The meliai stings you but does no damage.
The killer bee stings you!
* * * LOW HITPOINT WARNING * * *
The killer bee completely misses you.
The killer bee stings you but does no damage.
The meliai hits you but does no damage. The meliai stings you.
* * * LOW HITPOINT WARNING * * *
The killer bee stings you.
The gnoll sergeant hits you from afar with a +0 spear.
The gnoll sergeant hits you but does no damage.
The orc wizard mumbles some strange words.
The orc wizard flickers and vanishes!
The shadow imp hits you but does no damage.
The howler monkey hoots and howls with incredible vigour!
The killer bee stings you.
You die...

.# ..# .#... .
.#... ..#..#
!#...#.. #..)#.#
#..g#.o.#...#..#
..#...#...#...#
...glYg.....#
..###Y#y5{....##
.....{y@yY......
#######.h...#.##
#........$..#
#.####...#.##
#.####.###.#
#.#....###.#
#........# #
##†......#
#.......#


You could see 2 yaks, a basilisk, an ice beast, 2 gnoll sergeants, a meliai, a
howler monkey (catching breath), 2 killer bees, a shadow imp and an orc.

Vanquished Creatures
  Pikel (D:6)
  Maggie (D:6)
  A komodo dragon (shapeshifter) (Abyss:1)
  A troll (D:6)
  Sigmund (D:4)
  A chaos spawn (Abyss:1)
  Duvessa (D:5)
  2 water moccasins
  15 orc warriors
  Pargi (D:4)
  2 ice beasts
  3 ogres (D:6)
  3 centaurs
  A lemure (D:6)
  A phantom (D:4)
  3 kobold brigands
  2 gnoll sergeants (D:6)
  A bullfrog (D:8)
  4 necrophages
  3 scorpions
  6 wights
  Dowan (D:5)
  6 howler monkeys (D:6)
  2 jellies (D:7)
  6 gnoll boudas
  15 hounds
  9 orc priests
  An iron imp (Abyss:1)
  Natasha (thrice) (D:3)
  4 iguanas
  7 orc wizards
  24 gnolls
  12 adders
  A shadow imp (D:5)
  A white imp (D:6)
  An ufetubus (D:6)
  A worm (D:4)
  6 dart slugs
  36 orcs
  4 endoplasms
  4 giant cockroaches
  11 goblins
  12 hobgoblins
  4 quokkas
  9 ball pythons
  2 bats (D:1)
  4 frilled lizards
  10 kobolds
  3 rats
253 creatures vanquished.

Vanquished Creatures (collateral kills)
  A lemure (D:6)
1 creature vanquished.

Vanquished Creatures (others)
  5 plants
5 creatures vanquished.

Grand Total: 259 creatures vanquished

Notes
Turn   | Place    | Note
-------+----------+-------------------------------------------
     0 | D:1      | RascalDebosk the Minotaur Berserker began the quest for the
                  | Orb.
     0 | D:1      | Reached XP level 1. HP: 19/19 MP: 0/0
   165 | D:1      | Reached XP level 2. HP: 22/27 MP: 1/1
   173 | D:1      | Found a faded altar of an unknown god.
   847 | D:1      | Reached XP level 3. HP: 33/33 MP: 2/2
  1000 | D:1      | Reached ** piety under Trog
  1415 | D:2      | Found a bloodstained altar of Trog.
  1681 | D:2      | You fall into a shaft and drop 1 floor!
  1719 | D:3      | Reached XP level 4. HP: 38/41 MP: 3/3
  1770 | D:3      | Found a broken altar of Ashenzari.
  2109 | D:3      | Noticed Natasha
  2115 | D:3      | Killed Natasha
  2116 | D:3      | Reached skill level 5 in Fighting
  2116 | D:3      | Reached skill level 5 in Axes
  2116 | D:3      | Reached XP level 5. HP: 48/48 MP: 4/4
  2163 | D:3      | Noticed Natasha
  2169 | D:3      | Killed Natasha
  2848 | D:3      | Noticed Natasha
  2855 | D:3      | Killed Natasha
  3040 | D:4      | Noticed a phantom
  3048 | D:4      | Killed a phantom
  3049 | D:4      | Reached XP level 6. HP: 56/56 MP: 5/5
  3093 | D:4      | Noticed Sigmund
  3114 | D:4      | Killed Sigmund
  3115 | D:4      | Reached skill level 5 in Armour
  3383 | D:4      | Found an iron altar of Okawaru.
  3383 | D:4      | Noticed Pargi
  3389 | D:4      | Killed Pargi
  3390 | D:4      | Reached XP level 7. HP: 64/64 MP: 6/6
  3521 | D:4      | Reached *** piety under Trog
  3633 | D:4      | Reached skill level 1 in Throwing
  3652 | D:4      | Reached skill level 1 in Evocations
  4001 | D:4      | Reached XP level 8. HP: 43/73 MP: 7/7
  4247 | D:5      | Entered Level 5 of the Dungeon
  4287 | Abyss:1  | Found a corrupted altar of Lugonu.
  4287 | Abyss:1  | Cast into level 1 of the Abyss (gnoll)
  4352 | Abyss:1  | Noticed a komodo dragon
  4352 | Abyss:1  | a spriggan changed into a komodo dragon
  4356 | Abyss:1  | Killed a komodo dragon
  4405 | D:5      | Escaped the Abyss
  4450 | D:5      | Found a radiant altar of Vehumet.
  4502 | D:5      | Found a blossoming altar of Fedhas.
  4534 | D:5      | Reached **** piety under Trog
  4639 | D:5      | Noticed Duvessa
  4639 | D:5      | Noticed Dowan
  4648 | D:5      | Killed Dowan
  4651 | D:5      | Killed Duvessa
  4652 | D:5      | Reached XP level 9. HP: 81/81 MP: 8/8
  4961 | D:6      | Noticed Maggie
  4978 | D:6      | Killed Maggie
  4979 | D:6      | Reached skill level 5 in Dodging
  5144 | D:6      | Noticed Pikel
  5159 | D:6      | Killed Pikel
  5378 | D:6      | Found Lexkeble's Distillery.
  5381 | D:6      | Bought a potion of brilliance for 48 gold pieces
  5381 | D:6      | Bought a potion of flight for 36 gold pieces
  5381 | D:6      | Bought a potion of flight for 36 gold pieces
  5381 | D:6      | Bought 2 potions of flight for 72 gold pieces
  5689 | D:6      | Reached skill level 5 in Throwing
  5739 | D:6      | Reached XP level 10. HP: 91/91 MP: 9/9
  5981 | D:6      | Reached skill level 5 in Evocations
  6605 | D:7      | Found a flagged portal.
  6630 | Bailey   | Entered a bailey
  6642 | Bailey   | Reached ***** piety under Trog
  6822 | Bailey   | Reached skill level 10 in Fighting
  6824 | Bailey   | Reached skill level 10 in Axes
  7076 | D:7      | Acquired 684 gold pieces
  7077 | D:7      | Acquired a manual of Dodging
  7203 | D:7      | Found a shimmering blue altar of Sif Muna.
  7222 | D:7      | Found a staircase to the Ecumenical Temple.
  7232 | Temple   | Entered the Ecumenical Temple
  7529 | D:8      | HP: 3/93 [killer bee (3)]
  7530 | D:8      | Slain by a killer bee

Illustrated notes

Levels and vault maps discovered:
D:1:      arrival_zaba_pyramid, layout_loops_corners,
          dilly_ecumenical_altar_fadedgnrine, skrybe_limestone_x
D:2:      layout_loops_cross, basic_altar
D:3:      cheibrodos_old_hovel, layout_loops_ring, old_standard_altar,
          uniq_natasha
D:4:      minmay_opposing_rooms, layout_basic, mainiacjoe_overflow_brackets,
          uniq_sigmund, uniq_pargi
D:5:      layout_gridville, fedhas_altar_4, mainiacjoe_overflow_tiny_flanked,
          uniq_duvessa
D:6:      lemuel_castle_with_subvaults [lemuel_castle_interior_carwin_3],
          layout_basic, serial_shops, kennysheep_mini_moat, minivault_25,
          uniq_pikel, uniq_maggie
D:7:      layout_basic, lemuel_tele_altar, minmay_temple_entry_poolview,
          enter_bailey_3
D:8:      cheibrodos_fzero, layout_basic, minmay_holes
Temple:   sentei_temple_godly_chess

Skill      XL: |  1  2  3  4  5  6  7  8  9 10 |
---------------+-------------------------------+-----
Axes           | 4 5 6 8 9 10 | 10.3
Fighting       | 4 5 6 7 8 9 10 | 10.3
Armour         | 3 4 5 6 |  6.3
Throwing       | 1 3 5 6 |  6.5
Evocations     | 1 3 4 5 |  5.9
Dodging        | 3 4 6 7 |  7.7

Action                   |  1- 3 |  4- 6 |  7- 9 | 10-12 || total
-------------------------+-------+-------+-------+-------++-------
Melee: Hand axe          |    83 |   100 |   120 |       ||   303
       Punch             |     2 |       |     2 |       ||     4
       Headbutt          |    10 |    15 |    44 |    23 ||    92
       Bardiche          |       |       |   123 |       ||   123
       Battleaxe         |       |       |    21 |   134 ||   155
Throw: Dart              |       |       |     5 |       ||     5
Invok: Berserk           |       |     4 |     3 |     7 ||    14
       Trog's Hand       |       |       |     1 |     1 ||     2
       Brothers in Arms  |       |       |     1 |       ||     1
  Use: Scroll            |       |       |    13 |    12 ||    25
       Potion            |       |       |     1 |       ||     1
Armor: Animal skin       |    24 |       |       |       ||    24
       Leather armour    |     1 |    27 |       |       ||    28
       Troll leather arm |       |       |    90 |    80 ||   170
Dodge: Dodged            |    66 |    51 |   258 |   235 ||   610
